 Dungeon Crawl Stone Soup version 0.25-a0-589-g1e14c549ee (webtiles) character file.

Game seed: 1657973292754259567, levelgen mode: deterministic

2 An17 the Vexing (level 1, -2/13 HPs)
             Began as a Vampire Enchanter on Mar 11, 2020.
             Slain by a leopard gecko (4 damage)
             ... on level 1 of the Dungeon.
             The game lasted 00:01:23 (77 turns).

An17 the Vexing (Vampire Enchanter)                   Turns: 77, Time: 00:01:24

Health: -2/13      AC:  2    Str:  7    XL:     1   Next: 33%
Magic:  1/3        EV: 12    Int: 17    God:
Gold:   0          SH:  0    Dex: 14    Spells: 3/4 levels left

rFire    . . .     SeeInvis +   a - +1 dagger
rCold    . . .     Gourm    .   (no shield)
rNeg     . . .     Faith    .   b - +0 robe
rPois    .         Spirit   .   (no helmet)
rElec    .         Reflect  .   (no cloak)
rCorr    .         Harm     .   (no gloves)
MR       .....                  (no boots)
Stlth    +++.......             (no amulet)
HPRegen  0.24/turn              (no ring)
MPRegen  0.08/turn              (no ring)

@: regenerating quickly
A: no food, fangs 3, see invisible, unbreathing
a: Exsanguinate


You were on level 1 of the Dungeon.
You were alive.

You visited 1 branch of the dungeon, and saw 1 of its levels.

Inventory:

Hand Weapons
 a - a +1 dagger (weapon)
Armour
 b - a +0 robe (worn)
Scrolls
 c - a scroll of remove curse


   Skills:
 + Level 1.1 Short Blades
 + Level 2.1 Dodging
 + Level 4.5 Stealth
 + Level 2.0 Spellcasting
 + Level 4.6 Hexes


You had 3 spell levels left.
You knew the following spells:

 Your Spells              Type           Power        Failure   Level  Hunger
a - Corona                Hex            ###....      3%          1    N/A

Your spell library contained the following spells:

 Spells                   Type           Power        Failure   Level  Hunger
 Confusing Touch          Hex            ###.....     9%          3    N/A
 Tukima's Dance           Hex            ###.....     9%          3    N/A
 Ensorcelled Hibernation  Hex/Ice        #.....       12%         2    N/A
 Dazzling Flash           Conj/Hex       #.....       22%         3    N/A

Dungeon Overview and Level Annotations

Branches:
Dungeon (1/15)

Altars:


Innate Abilities, Weirdness & Mutations

You do not eat.
Your natural rate of healing is unusually fast.
You have razor-sharp teeth.
You have supernaturally acute eyesight. (SInv)
You can survive without breathing.


Message History

* * * LOW HITPOINT WARNING * * *
You hit the hobgoblin.
The hobgoblin is severely wounded.
The hobgoblin misses you.
The leopard gecko bites you but does no damage.
You miss the leopard gecko.
The hobgoblin stops glowing.
The leopard gecko closely misses you.
You barely miss the leopard gecko.
The leopard gecko bites you but does no damage.
You hit the leopard gecko. Your bite misses the leopard gecko.
The leopard gecko is moderately wounded.
The leopard gecko bites you but does no damage.
You barely miss the leopard gecko.
The leopard gecko is moderately wounded.
The leopard gecko barely misses you. The leopard gecko bites you.
* * * LOW HITPOINT WARNING * * *
You closely miss the leopard gecko.
The leopard gecko is moderately wounded.
The leopard gecko bites you.
You die...

#.#..#s#..8#.....#>...
#.#..#h#.(.#..)..#....
#.#..###..##..........
#........8###........#
#.........###.######.#
##...8.8.###...#####.#
#.......# #.#..)....#
######### #...#######
##@## #l# #.g# .....
###.#.. #. ... #. ....
#. ..... #. ......


You could see a leopard gecko and a hobgoblin.

Vanquished Creatures
  A hobgoblin (D:1)
  A bat (D:1)
  A kobold (D:1)
3 creatures vanquished.

Notes
Turn   | Place    | Note
-------+----------+-------------------------------------------
     0 | D:1      | An17 the Vampire Enchanter began the quest for the Orb.
     0 | D:1      | Reached XP level 1. HP: 13/13 MP: 3/3
     6 | D:1      | Noticed a redback
     6 | D:1      | Noticed a polar bear
     7 | D:1      | Noticed a swamp worm
    77 | D:1      | Slain by a leopard gecko

Levels and vault maps discovered:
D:1:      onia_arrival_zoo_common, layout_loops_ring

Action                   || total
-------------------------++-------
Melee: Dagger            ||    22
 Cast: Corona            ||     4
  Use: Scroll            ||     1
Armor: Robe              ||    10
Dodge: Dodged            ||    16

Table legend:
 A = Non-vault XP
 B = Vault XP
 C = Vault XP percentage of total XP
 D = Non-vault monster count
 E = Vault monster count
 F = Vault count percentage of total count
                 A         B        C        D         E       F
            +---------+---------+-------+---------+---------+-------
      Total |       4 |       0 |   0.0 |       3 |       0 |   0.0
            +---------+---------+-------+---------+---------+-------
        D:1 |       4 |       0 |   0.0 |       3 |       0 |   0.0
            +---------+---------+-------+---------+---------+-------
